AoeStats
← TIMVP

Arena

509652581Analyzed
1v1 RM · 4d ago on Sep 27, 2026· 50m 21s· 2 players
Game mode
Random Map
Map size
Tiny (2 player)
Population
200
Speed
Normal
Resources
Standard
Victory
Conquest
Starting age
Dark Age
Ending age
Imperial Age
RankedLock teamsTeams togetherTeam positionsShared explorationLock speedFull tech treeHidden civsTurbo modeCheats
Victory
Defeat
🇵🇪 Danes · Peru
486
+15
🇦🇷 Bulgarians · Argentina
455
-15
TheBrewer3557
10:19 Feudal Age
13:26 Gold Mining
16:17 Castle Age
15:19 Double-Bit Axe
22:00 Fervor
22:57 Town Watch
24:19 Stone Mining
25:21 Loom
27:40 Horse Collar
28:24 Redemption
32:38 Murder Holes
33:20 Ballistics
36:56 Thumb Ring
37:10 Stirrups
41:04 Imperial Age
40:01 Wheelbarrow
40:40 Stirrups
41:15 Bow Saw
41:18 Town Patrol
42:05 Conscription
43:49 Parthian Tactics
43:37 Fletching
43:48 Padded Archer Armor
43:31 Heavy Cavalry Archer
47:27 Scale Barding Armor
49:11 Bagains
TIMVP
0:27 Loom
12:43 Feudal Age
13:08 Double-Bit Axe
14:02 Wheelbarrow
13:27 Horse Collar
16:41 Stone Mining
18:01 Gold Mining
20:39 Castle Age
19:00 Man-at-Arms
19:46 Scale Mail Armor
22:30 Gold Mining
24:45 Gambesons
27:12 Heavy Plow
32:51 Imperial Age
30:43 Masonry
34:22 Chain Mail Armor
34:29 Squires
33:49 Pikeman
34:01 Elite Skirmisher
34:10 Hamask
36:09 Fletching
36:20 Padded Archer Armor
36:43 Ballistics
38:08 Thumb Ring
38:51 Bodkin Arrow
39:27 Plate Mail Armor
38:39 Elite Jomsviking
39:34 Forging
41:53 Gold Shaft Mining
41:40 Northmen's Fury
41:49 Long Swordsman
43:13 Iron Casting
43:24 Hamask
44:09 Heavy Scorpion
46:27 Blast Furnace
45:28 Bracer
50:16 Halberdier
Connection lost

Rejoining the realm…

Still unreachable

The connection could not be restored.

Session expired

The server has moved on; the page needs a fresh start.